 Dungeon Crawl Stone Soup version 0.29-a0-322-g68df515428 (webtiles) character file.

Game seed: 5672404694651680349

11 Bnni the Skirmisher (level 2, 0/21 HPs)
             Began as an Octopode Fighter on Apr 5, 2022.
             Frozen to death by an endoplasm (3 damage)
             ... on level 1 of the Dungeon.
             The game lasted 00:00:27 (634 turns).

Bnni the Skirmisher (Octopode Fighter)               Turns: 634, Time: 00:00:28

Health: 0/21       AC:  1    Str: 15    XL:     2   Next: 25%
Magic:  2/2        EV: 13    Int: 10    God:
Gold:   36         SH:  4    Dex: 11    Spells: 1/1 levels left

rFire   + . .      SeeInvis .     - Unarmed
rCold   . . .      Faith    .   a - +0 buckler
rNeg    . . .      Spirit   .   (helmet restricted)
rPois   .          Reflect  .   (no amulet)
rElec   .          Harm     .   c - ring of protection from fire
rCorr   .          Rampage  .   (no ring)
Will    .....                   (no ring)
Stlth   ++........              (no ring)
HPRegen 0.07/turn               (no ring)
MPRegen 0.08/turn               (no ring)
                                (no ring)
                                (no ring)

@: no status effects
A: almost no armour, amphibious, 8 rings, camouflage 1, gelatinous body 1,
(nimble swimmer 1), tentacles
a: no special abilities


You were on level 1 of the Dungeon.
You visited 1 branch of the dungeon, and saw 1 of its levels.

You collected 36 gold pieces.

Inventory:

Armour
 a - a +0 buckler (worn)
Jewellery
 c - a ring of protection from fire (left tentacle)
Scrolls
 d - a scroll of identify {unknown}
Potions
 b - a potion of might


   Skills:
 + Level 3.2 Fighting
 - Level 3.0 Dodging
 - Level 3.0 Shields
 * Level 2.6 Unarmed Combat


You had one spell level left.
You didn't know any spells.
Your spell library was empty.

Dungeon Overview and Level Annotations

Branches:
Dungeon (1/15)

Altars:


Innate Abilities, Weirdness & Mutations

You cannot wear most types of armour.
You are amphibious.
You can wear up to eight rings at the same time.
Your skin changes colour to match your surroundings (Stealth+).
Your rubbery body absorbs attacks. (AC +1, EV +1)
((You are camouflaged when in or above water. (Stealth+)))
You have tentacles for arms and can constrict up to eight enemies at once.


Message History

You are too injured to fight recklessly!
You are too injured to fight recklessly!
You are too injured to fight recklessly!
You are too injured to fight recklessly!
You are too injured to fight recklessly!
You are too injured to fight recklessly!
The hobgoblin attacks as you move away! The hobgoblin barely misses you.
The ball python barely misses you. The ball python grabs you.
The ball python constricts you.
* * * LOW HITPOINT WARNING * * *
You escape the ball python's grasp.
The quokka attacks as you move away! The quokka barely misses you.
The quokka attacks as you move away! You block the quokka's attack.
The quokka attacks as you move away! The quokka closely misses you.
The quokka completely misses you.
You are too injured to fight recklessly!
You tentacle-slap the hobgoblin.
You kill the hobgoblin!
The ball python misses you. You block the ball python's attack.
You closely miss the ball python. You grab the ball python.
You squeeze the ball python.
You kill the ball python!
You barely miss the quokka. Your grab misses the quokka.
You block the quokka's attack. The quokka bites you.
* * * LOW HITPOINT WARNING * * *
You barely miss the quokka. Your grab misses the quokka.
You squeeze the quokka.
You kill the quokka!
You tentacle-slap the frilled lizard but do no damage.
You grab the frilled lizard. You constrict the frilled lizard.
You kill the frilled lizard!
You tentacle-slap the endoplasm. You squeeze the endoplasm.
The endoplasm is moderately wounded.
The endoplasm closely misses you.
You tentacle-slap the endoplasm but do no damage.
You squeeze the endoplasm.
The endoplasm is heavily wounded.
The endoplasm freezes you.
You are frozen.
You die...

≈≈≈≈≈....... +............
+#≈≈≈...... #..........#
('≈≈≈....# #.........#
.'≈≈≈....# #........#
'#≈≈≈....####### #........#
≈≈≈≈≈..........# #J.......#..
≈≈≈≈≈.......)..+ +.........#
≈≈≈≈≈..........###..........#
≈≈≈≈≈.....#...).@J..).......#
+#≈≈≈.....##.#####............
+≈≈≈..[...#.# #..........#.
+≈≈≈........#####..........#
+#≈≈≈.............#+#########
≈≈≈≈≈...............#
≈≈≈≈≈......######...#
≈≈≈≈≈...............#
......##...###.##...#


You could see an endoplasm.

Vanquished Creatures
  2 goblins (D:1)
  A hobgoblin (D:1)
  2 quokkas (D:1)
  2 ball pythons (D:1)
  A bat (D:1)
  A frilled lizard (D:1)
  A kobold (D:1)
  A rat (D:1)
11 creatures vanquished.

Notes
Turn   | Place    | Note
-------+----------+-------------------------------------------
     0 | D:1      | Bnni the Octopode Fighter began the quest for the Orb.
     0 | D:1      | Reached XP level 1. HP: 16/16 MP: 1/1
   444 | D:1      | Reached XP level 2. HP: 9/21 MP: 2/2
   634 | D:1      | Frozen to death by an endoplasm

Illustrated notes

Levels and vault maps discovered:
D:1:      dpeg_arrival_castle, layout_basic, shapermc_ecumenical_altar_venn,
          minmay_pentomino_z4

Action                   || total
-------------------------++-------
Melee: Unarmed           ||    32
       Constrict         ||     8
       Tentacles         ||     8
       Punch             ||     1
Armor: Skin              ||     3
Dodge: Dodged            ||    25
Block: Buckler           ||     7

Table legend: (Time is in decaauts)
 A = Elapsed time spent in this place.
 B = Non-inter-level travel time spent in this place.
 C = Inter-level travel time spent in this place.
 D = Time resting spent in this place.
 E = Time spent auto-exploring this place.
 F = Levels seen in this place.
 G = Mean time per level.
                   A        B        C        D        E       F      G
               +--------+--------+--------+--------+--------+-----+--------+
         Total |    633 |    633 |      0 |    166 |    384 |   1 |  633.0 |
       Dungeon |    633 |    633 |      0 |    166 |    384 |   1 |  633.0 |
               +--------+--------+--------+--------+--------+-----+--------+

Top non-repeatable levels by time:
     D:1: 633 daAuts
